 Dungeon Crawl Stone Soup version 0.18-a0-955-g171f012 (webtiles) character file.

57 Arkorax the Magician (level 3, -4/26 HPs)
             Began as a Draconian Wizard on Dec 31, 2015.
             Slain by a worm (8 damage)
             ... on level 2 of the Dungeon.
             The game lasted 00:04:43 (2033 turns).

Arkorax the Magician (Draconian Wizard)             Turns: 2033, Time: 00:04:43

Health: -4/26      AC:  7    Str:  9    XL:     3   Next: 73%
Magic:  2/8        EV: 12    Int: 19    God:
Gold:   37         SH:  0    Dex:  9    Spells: 2 memorised, 5 levels left

rFire  . . .     SeeInvis .     (no weapon)
rCold  . . .     Gourm    .     (armour unavailable)
rNeg   . . .     Faith    .     (no shield)
rPois  .         Spirit   .     a - +0 hat
rElec  .         Dismiss  .     (no cloak)
rCorr  .         Reflect  .     (no gloves)
SustAt .         Harm     .     (no boots)
MR     .....                    (no amulet)
Stlth  +.........               (no ring)
                                h - +2 ring of protection

@: very slightly contaminated, not resistant to hostile enchantments, very
unstealthy
A: unfitting armour, cold-blooded, AC +5
a: no special abilities


You were on level 2 of the Dungeon.
You were not hungry.

You visited 1 branch of the dungeon, and saw 2 of its levels.

You collected 37 gold pieces.

Inventory:

Armour
 a - a +0 hat (worn)
Jewellery
 h - a +2 ring of protection (left hand)
Scrolls
 c - a scroll of random uselessness {unknown}
 e - a scroll of fear {unknown}
 f - 2 scrolls of magic mapping {unknown}
 i - 2 scrolls of identify {unknown}
 j - 3 scrolls of remove curse {unknown}
Potions
 d - a potion of brilliance {unknown}
 g - 2 potions of curing {unknown}
Books
 b - a book of Minor Magic

   Spells                             Type                      Level
   a - Magic Dart                     Conjuration                  1
   b - Blink                          Translocation                2
   c - Call Imp                       Summoning                    2
   d - Repel Missiles                 Charms/Air                   2
   e - Slow                           Hexes                        2
   f - Conjure Flame                  Conjuration/Fire             3
   g - Mephitic Cloud                 Conjuration/Poison/Air       3
Comestibles
 k - a meat ration


   Skills:
 - Level 1.7 Dodging
 - Level 1.7 Stealth
 * Level 3.5 Spellcasting
 * Level 2.5 Conjurations
   Level 1.0 Summonings
   Level 1.0 Translocations
 + Level 1.0 Air Magic
 + Level 0.4 Poison Magic


You had 5 spell levels left.
You knew the following spells:

 Your Spells              Type           Power        Failure   Level  Hunger
a - Magic Dart            Conj           ##..         8%          1    None
b - Mephitic Cloud        Conj/Pois/Air  #.......     28%         3    ###....


Dungeon Overview and Level Annotations

Branches:
Dungeon (2/15)

Altars:


Innate Abilities, Weirdness & Mutations

Your plain brown scales are hard (AC +5).
Your body does not fit into most forms of armour.
You are cold-blooded and may be slowed by cold attacks.


Message History

* * * LOW HITPOINT WARNING * * *
You completely miss the worm. You tail-slap the worm.
The worm is severely wounded.
You hit the worm.
The worm is almost dead.
The worm closely misses you.
You hit the worm but do no damage.
The worm is almost dead.
You hit the worm.
The worm is almost dead.
The worm bites you but does no damage.
You hit the worm but do no damage.
The worm is almost dead.
The worm barely misses you.
You hit the worm but do no damage.
The worm is almost dead.
You hit the worm but do no damage.
The worm is almost dead.
The worm bites you!
You die...

.## ....
.........#...# #.
............#.##...#
#..........#...#...#
#..##.......#...#
#.......#.......#
......#####.....#
......#..†.##.....
#.w......##.####
#..@#.......#
##.#......###
#......####
#.........
..............
#(............<
................
......###.......
####.# #.#####


You could see a worm.

Vanquished Creatures
  An adder (D:2)
  An ooze (D:1)
  2 giant geckos (D:1)
  6 bats (D:1)
  5 goblins
  6 hobgoblins (D:1)
  6 kobolds
  2 giant newts (D:1)
  6 jackals (D:1)
  5 rats
40 creatures vanquished.

Notes
Turn   | Place    | Note
--------------------------------------------------------------
     0 | D:1      | Arkorax the Draconian Wizard began the quest for the Orb.
     0 | D:1      | Reached XP level 1. HP: 14/14 MP: 4/4
   529 | D:1      | Reached XP level 2. HP: 20/20 MP: 1/6
  1117 | D:1      | Reached XP level 3. HP: 26/26 MP: 6/8
  1204 | D:1      | Learned a level 3 spell: Mephitic Cloud
  1897 | D:2      | Reached skill level 1 in Air Magic
  2033 | D:2      | Slain by a worm

Vault maps used:
D:1:      dpeg_arrival_renting
D:2:      hangedman_decor_lopped, corexii_leaking_fountain

Action                   || total
-------------------------++-------
Melee: Unarmed           ||   125
 Cast: Magic Dart        ||    77
       Mephitic Cloud    ||     2
  Eat: Bread ration      ||     1
